Map: Data-C

Players

GuMiho - Winner!

  • Race: Terran Terran
  • Spawn Location: 3:00

Vindicta

  • Race: Terran Terran
  • Spawn Location: 9:00

Event: DreamHack SC2 Masters 2022 Atlanta (Offline)

VOD

Have the link to the VOD?

Description

Time

  • Played on: Nov. 18, 2022, 8:29 p.m.
  • Length: 12:15

All games in this series

Show
View Real Time Build Order
Export as new Build Order

GuMiho Terran - Winner!

Build Orders: Cyclone Opening, Mech 

Get SALT Encoding   

  12  0:00  SCV  
  13  0:12  SCV  
  14  0:17  Supply Depot  
  14  0:24  SCV  
  15  0:39  SCV  
  15  0:41  Barracks  
  16  0:46  Refinery  
  16  0:51  SCV  
  16  0:56  Refinery  
  17  1:03  SCV  
  18  1:15  SCV  
  19  1:27  Orbital Command  
  19  1:28  Reaper  
  20  1:38  Supply Depot  
  20  1:43  Factory  
  20  1:53  SCV  
  21  2:00  Reaper  
  22  2:05  SCV  
  23  2:17  SCV  
  24  2:24  Command Center  
  24  2:28  Factory Tech Lab  
  25  2:30  SCV  
  25  2:33  Reaper  
  26  2:41  Supply Depot  
  26  2:48  Cyclone  
  26  2:50  SCV  
  29  3:02  SCV  
  25  3:15  SCV  
  26  3:20  Cyclone  
  26  3:21  Mag-Field Accelerator  
  29  3:28  SCV  
  30  3:36  Starport  
  30  3:40  SCV  
  31  3:45  Orbital Command  
  31  3:52  SCV  
  32  3:56  Cyclone  
  35  4:04  SCV  
  36  4:12  SCV  
  36  4:16  SCV  
  37  4:24  Supply Depot  
  37  4:25  SCV  
  37  4:28  Cyclone, SCV  
  42  4:31  Viking  
  42  4:37  SCV  
  45  4:40  SCV  
  46  4:46  Engineering Bay  
  46  4:49  SCV  
  46  4:52  SCV  
  48  4:56  Supply Depot  
  48  5:00  Siege Tank  
  48  5:01  SCV  
  48  5:04  SCV  
  53  5:12  Command Center  
  53  5:16  SCV  
  53  5:17  SCV  
  53  5:19  Medivac  
  57  5:28  Refinery x2, SCV  
  57  5:29  SCV  
  59  5:40  SCV  
  59  5:41  SCV  
  61  5:52  SCV, Starport Reactor  
  61  5:53  SCV  
  63  6:03  Missile Turret  
  62  6:04  SCV  
  62  6:05  SCV  
  62  6:17  SCV x2  
  64  6:19  Supply Depot  
  64  6:20  Factory x2  
  64  6:22  Missile Turret  
  64  6:24  Supply Depot  
  64  6:27  Supply Depot  
  64  6:28  Siege Tank  
  64  6:29  SCV x2, Orbital Command  
  69  6:37  Missile Turret  
  69  6:41  SCV x2  
  69  6:46  Armory  
  69  6:47  Armory  
  71  6:51  Viking  
  73  6:54  Viking  
  73  6:55  SCV x2  
  73  6:56  SCV  
  78  7:08  Orbital Command  
  78  7:14  Siege Tank  
  78  7:15  Factory Tech Lab, Factory Reactor  
  75  7:16  SCV x2  
  77  7:28  Refinery  
  77  7:32  Command Center  
  77  7:34  SCV x2  
  77  7:35  SCV, Refinery  
  80  7:38  Terran Vehicle Weapons Level 1, Terran Vehicle And Ship Armor Level 1  
  80  7:45  Siege Tank  
  80  7:46  SCV  
  80  7:47  SCV x2  
  86  7:58  SCV  
  86  7:59  Supply Depot, SCV x2  
  86  8:00  Supply Depot  
  86  8:01  Supply Depot  
  89  8:06  Factory x2  
  89  8:08  Sensor Tower  
  89  8:11  SCV x3  
  92  8:14  Siege Tank  
  95  8:22  Viking  
  95  8:23  SCV x3  
  95  8:25  Supply Depot  
  95  8:27  Viking  
  102  8:31  Siege Tank  
  105  8:35  SCV x3  
  108  8:42  Hellion x2  
  108  8:45  Supply Depot  
  112  8:48  Refinery x2  
  112  8:49  Planetary Fortress  
  112  8:59  Siege Tank  
  112  9:00  Factory Tech Lab, Factory Reactor  
  115  9:03  Hellion x2, Siege Tank  
  115  9:04  Viking  
  124  9:10  SCV, Missile Turret  
  124  9:11  SCV x2, Missile Turret  
  127  9:23  Hellion  
  127  9:24  Viking  
  131  9:25  Hellion x2  
  131  9:28  Infernal Pre-Igniter  
  131  9:29  Smart Servos  
  137  9:46  Siege Tank  
  137  9:47  Siege Tank  
  137  9:50  Command Center  
  143  9:57  Liberator x2  
  144  10:03  Command Center  
  141  10:22  Cyclone x3  
  150  10:34  Hellion x4  
  158  10:53  Viking x2  
  158  10:55  Hellion  
  164  11:01  Siege Tank x3  
  164  11:02  Hellion x2  
  172  11:24  Hellion x3, Planetary Fortress  
  178  11:27  SCV  
  178  11:28  SCV x2, Command Center  
  178  11:34  Cyclone x2  
  184  11:42  Refinery  
  182  11:47  Refinery  
Show
View Real Time Build Order
Export as new Build Order

Vindicta Terran 

Build Orders: Mech 

Get SALT Encoding   

  12  0:00  SCV  
  13  0:12  SCV  
  14  0:17  Supply Depot  
  14  0:24  SCV  
  15  0:38  SCV  
  15  0:40  Barracks  
  16  0:44  Refinery  
  16  0:51  SCV  
  16  0:53  Refinery  
  17  1:03  SCV  
  18  1:15  SCV  
  19  1:26  Reaper  
  19  1:27  Orbital Command  
  20  1:33  Supply Depot  
  20  1:46  Factory  
  20  1:53  SCV  
  21  1:58  Marine  
  22  2:05  SCV  
  23  2:17  SCV  
  23  2:21  Marine  
  24  2:29  SCV  
  27  2:30  Supply Depot, Hellion  
  27  2:39  Marine  
  27  2:41  SCV  
  30  2:51  Hellion  
  30  2:56  Marine  
  30  2:58  SCV  
  30  3:15  Command Center  
  30  3:21  SCV  
  30  3:26  Starport  
  30  3:27  Widow Mine  
  33  3:28  Barracks Reactor  
  33  3:34  SCV  
  34  3:35  Supply Depot  
  34  3:46  SCV  
  34  3:49  Factory Tech Lab  
  34  3:58  SCV  
  35  4:04  Starport Tech Lab  
  35  4:05  Marine x2  
  35  4:08  Siege Tank  
  40  4:12  SCV  
  41  4:17  Supply Depot  
  41  4:23  Marine x2  
  44  4:24  SCV  
  44  4:28  Banshee  
  44  4:30  Orbital Command  
  45  4:41  Marine x2  
  45  4:45  Siege Tank  
  50  4:50  SCV, Orbital Command  
  51  5:02  SCV, Marine x2  
  54  5:09  Supply Depot  
  54  5:10  Raven  
  56  5:14  SCV  
  56  5:17  SCV  
  58  5:24  Siege Tank  
  58  5:26  Marine  
  58  5:28  SCV  
  61  5:31  SCV  
  61  5:32  Marine  
  63  5:40  SCV  
  64  5:43  SCV, Marine  
  64  5:49  Marine  
  65  5:52  SCV  
  65  5:53  Raven  
  65  5:55  SCV  
  66  6:01  Marine  
  66  6:02  Siege Tank  
  70  6:05  Refinery x2  
  70  6:06  Supply Depot  
  70  6:10  SCV x2  
  69  6:20  Marine  
  69  6:22  SCV x2  
  69  6:23  Command Center  
  72  6:32  Marine  
  73  6:34  SCV x2  
  75  6:40  Cyclone, Mag-Field Accelerator  
  75  6:46  SCV  
  79  6:52  SCV  
  79  6:54  Factory  
  80  6:58  SCV  
  80  7:02  Marine x2  
  80  7:04  SCV  
  79  7:12  Siege Tank  
  79  7:13  SCV  
  80  7:17  SCV  
  80  7:20  Marine  
  80  7:25  SCV  
  80  7:27  Factory  
  80  7:29  SCV  
  82  7:37  SCV  
  82  7:38  Supply Depot  
  82  7:39  Supply Depot  
  82  7:40  Starport Reactor  
  82  7:41  SCV  
  84  7:44  Cyclone  
  84  7:50  Supply Depot  
  86  7:52  SCV  
  86  7:59  Liberator  
  86  8:00  Cyclone, SCV  
  86  8:02  Supply Depot x2, Liberator  
  86  8:04  SCV  
  97  8:12  SCV  
  97  8:14  Factory Tech Lab  
  97  8:16  Cyclone, SCV  
  101  8:24  SCV  
  101  8:25  Supply Depot, Engineering Bay  
  102  8:29  SCV  
  102  8:32  Cyclone x2  
  109  8:36  SCV  
  109  8:41  SCV  
  111  8:46  Command Center  
  111  8:48  Supply Depot, Cyclone  
  111  8:49  SCV  
  111  8:53  SCV  
  116  9:01  SCV  
  117  9:05  SCV  
  117  9:07  Viking  
  117  9:08  Supply Depot, Factory  
  119  9:10  Hellion x2, Factory  
  119  9:13  SCV  
  122  9:17  SCV  
  122  9:19  Viking  
  125  9:25  SCV  
  125  9:28  Refinery  
  125  9:29  Refinery, Siege Tank, SCV  
  130  9:36  Orbital Command  
  131  9:39  Siege Tank  
  131  9:44  SCV  
  131  9:47  SCV  
  131  9:53  Siege Tank  
  131  9:55  Supply Depot  
  131  9:56  SCV  
  132  10:01  Siege Tank  
  131  10:08  Factory Tech Lab, Factory Reactor  
  131  10:09  SCV x2  
  131  10:11  Siege Tank  
  136  10:20  Refinery x2, SCV  
  137  10:25  Cyclone  
  137  10:27  Cyclone  
  137  10:33  Hellion  
  137  10:34  SCV x2  
  141  10:42  SCV  
  142  10:43  Hellion  
  142  10:45  Orbital Command  
  142  10:47  Liberator  
  142  10:53  Liberator  
  142  10:55  Hellion  
  142  10:57  Hellion  
  142  10:58  Hellion  
  142  10:59  Cyclone  
  142  11:00  Supply Depot x2  
  142  11:01  Hellion, SCV  
  151  11:04  Cyclone, SCV x2  
  154  11:16  Cyclone  
  154  11:17  SCV  
  150  11:18  Cyclone  
  147  11:28  SCV  
  147  11:31  Cyclone  
  147  11:32  Hellion  
  151  11:34  SCV x2  
  151  11:37  Cyclone  
Tags
 
Add a new tag
Caveats
  • Supply blocks, unpowered buildings, or Contaminate may cause inaccurate times.
  • Supply counts are checked every 10 seconds.